 Dungeon Crawl Stone Soup version 0.28.0 (webtiles) character file.

Game seed: 17179026891080889704

2645 AmazingTV the Covert (level 9, -4/46 HPs)
             Began as a Spriggan Brigand on June 30, 2022.
             Was a Follower of Elyvilon (penitent).
             Killed by an exploding ice beast (29 damage)
             ... ignited by their inner flame
             ... on level 8 of the Dungeon.
             The game lasted 00:54:36 (13585 turns).

AmazingTV the Covert (Spriggan Brigand)            Turns: 13585, Time: 00:54:37

Health: -4/46      AC:  5    Str:  9    XL:     9   Next: 35%
Magic:  10/10      EV: 22    Int: 13    God:    Elyvilon [*.....]
Gold:   420        SH:  0    Dex: 22    Spells: 8/8 levels left

rFire   . . .      SeeInvis +   a - +2 dagger {short}
rCold   + . .      Faith    .   (no shield)
rNeg    . . .      Spirit   .   J - +2 robe of the Beggar {rPois Dex+4}
rPois   +          Reflect  .   (helmet restricted)
rElec   .          Harm     .   c - +0 cloak
rCorr   .          Rampage  .   (gloves unavailable)
Will    ++...                   (boots unavailable)
Stlth   +++++.....              D - amulet of the acrobat
HPRegen 0.15/turn               (no ring)
MPRegen 0.12/turn               (no ring)

@: very quick
A: very small, no large weapons, unfitting armour, see invisible, speed 3, cold
resistance 1, strong-willed 1
a: Renounce Religion


You were on level 8 of the Dungeon.
You worshipped Elyvilon.
Elyvilon was demanding penance.
You visited 2 branches of the dungeon, and saw 9 of its levels.

You collected 420 gold pieces.


Innate Abilities, Weirdness & Mutations

You are very small and have problems with some larger weapons.
You are too small for most types of armour.
You have supernaturally acute eyesight. (SInv)
You cover ground extremely quickly. (Speed+++)
Your flesh is cold resistant. (rC+)
You are strong-willed. (Will+)


   Skills:
 + Level 4.7 Fighting
 + Level 6.0 Short Blades
 + Level 6.0(7.4) Slings
 + Level 5.5(6.4) Throwing
 + Level 6.7 Dodging
 + Level 10.1 Stealth


You had 8 spell levels left.
You didn't know any spells.
Your spell library contained the following spells:

 Spells                   Type           Power      Damage    Failure   Level
 Blink                    Tloc           0%         N/A       43%         2
 Gell's Gravitas          Tloc           0%         N/A       67%         3
 Ignite Poison            Fire/Tmut/Pois 0%         N/A       67%         3
 Lesser Beckoning         Tloc           0%         N/A       67%         3
 Mephitic Cloud           Conj/Pois/Air  0%         N/A       67%         3
 Teleport Other           Tloc           0%         N/A       67%         3
 Freezing Cloud           Conj/Ice/Air   0%         6-21      100%        5
 Manifold Assault         Tloc           0%         N/A       100%        5
 Storm Form               Tmut/Air       0%         N/A       100%        7

Inventory:

Hand Weapons
 a - a +2 dagger (weapon) {short}
 b - a +1 falchion of freezing {long}
   (You found it on level 1 of the Dungeon)
 s - a +2 vampiric dagger {short}
   (You found it on level 3 of the Dungeon)
 C - a +2 whip of flaming {mace}
   (You took it off Pikel on level 7 of the Dungeon)
 E - a +2 flail of holy wrath {mace}
   (You took it off an orc on level 6 of the Dungeon)
Missiles
 d - 3 poisoned darts
 g - 168 stones
 h - 18 bolts
 p - 63 arrows
 B - 6 sling bullets
Armour
 c - a +0 cloak (worn)
 j - a +0 robe
 F - a +2 robe of the Archmagi
   (You took it off Pikel on level 7 of the Dungeon)
 J - the +2 robe of the Beggar (worn) {rPois Dex+4}
   (You found it on level 8 of the Dungeon)

   Dex:       It affects your dexterity (+4).
   rPois:     It protects you from poison.
Jewellery
 i - a ring of ice
   (You found it on level 1 of the Dungeon)
 l - a ring of fire
   (You took it off an orc on level 7 of the Dungeon)
 r - a ring of fire
   (You took it off an orc warrior on level 7 of the Dungeon)
 D - an amulet of the acrobat (around neck)
   (You found it on level 6 of the Dungeon)
Wands
 e - a wand of iceblast (16)
   (You found it on level 4 of the Dungeon)
 f - a wand of digging (2)
   (You took it off an orc on level 7 of the Dungeon)
 x - a wand of flame (44) (quivered)
   (You found it on level 4 of the Dungeon)
 z - a wand of acid (12)
   (You found it on level 7 of the Dungeon)
Scrolls
 q - 4 scrolls of magic mapping {!r}
 t - a scroll of brand weapon {unknown}
 u - a scroll of identify {@r1}
 v - a scroll of silence {unknown}
 y - a scroll of torment {unknown}
 A - a scroll of blinking {unknown}
 G - a scroll of enchant armour {unknown}
 I - a scroll of enchant weapon {unknown}
Potions
 o - a potion of brilliance
 H - a potion of invisibility {unknown}

Dungeon Overview and Level Annotations

Branches:
Dungeon (8/15)             Temple (1/1) D:6
   Lair: D:8-11

Altars:
Ashenzari
Cheibriados
Dithmenos
Elyvilon
Fedhas
Gozag
Hepliaklqana
Kikubaaqudgha
Makhleb
Nemelex Xobeh
Okawaru
Qazlal
Ru
Uskayaw
Vehumet
Wu Jian
Xom
The Shining One

Annotations:
D:5 Grinder
D:8 Grum ### gg#

#g# #g#
#§# #§#
#@# #°#
#§# #.#
#.#
#.########
#....w...#
#######.##
#.#


You could see 4 friendly gnolls.


Message History

Press: ? - help, Q - select action, (/) - cycle Shift-Dir - straight line, f/p - Gastronok
Aim: Gastronok, wearing a +2 hat (severely wounded, covering ground quickly, very poisoned, 100% to hit)
The puff of flame hits Gastronok.
Aiming: Throw Flame
Press: ? - help, Q - select action, (/) - cycle Shift-Dir - straight line, f/p - Gastronok
Aim: Gastronok, wearing a +2 hat (severely wounded, covering ground quickly, very poisoned, 100% to hit)
The puff of flame hits Gastronok.
Gastronok gurgles, "A snack!
A snack!"
Aiming: Throw Flame
Press: ? - help, Q - select action, (/) - cycle Shift-Dir - straight line, f/p - Gastronok
Aim: Gastronok, wearing a +2 hat (severely wounded, covering ground quickly, very poisoned, 100% to hit)
The puff of flame hits Gastronok.
An ice beast comes into view.
Aiming: Throw Flame
Press: ? - help, Q - select action, (/) - cycle Shift-Dir - straight line, f - ice beast
Aim: an ice beast (68% to hit)
The puff of flame hits the ice beast but does no damage. 😮 HP[+1]
Aiming: Throw Flame
Press: ? - help, Q - select action, (/) - cycle Shift-Dir - straight line, f/p - ice beast
Aim: an ice beast (68% to hit)
The puff of flame misses the ice beast.
The ice beast closely misses you.
You barely miss the ice beast. The ice beast completely misses you.
Gastronok gurgles, "A snack!
A snack!"
Gastronok glows a brilliant shade of cerise.
Your +1 falchion of freezing {long} stops glowing.
a - a +2 dagger (weapon)
{short} You hit the ice beast but do no damage.
The ice beast hits you but does no damage.
You hit the ice beast but do no damage. The ice beast completely misses you.
You hit the ice beast. You completely miss the ice beast.
The ice beast barely misses you.
You hit the ice beast but do no damage. The ice beast misses you. 😮 HP[+1]
You closely miss the ice beast.
You punch the ice beast, but do no damage.
You hit the ice beast. The ice beast completely misses you.
You hit the ice beast but do no damage. The ice beast completely misses you.
Gastronok waves his eye-stalks in wide circles.
The air twists around and strikes you!!
* * * LOW HITPOINT WARNING * * *
😨 HP[-20]
You take 20 damage, and now have 12/46 hp.
MASSIVE DAMAGE!! (PAUSE)
As you read the scroll labelled YRAUDGHIRUL, it crumbles to dust.
You speak a Word of immense power!
It was a scroll of holy word.
The ice beast hits you but does no damage.
As you read the scroll labelled ZOFUCY NATZUE, it crumbles to dust.
The creatures around you are filled with an inner flame!
It was a scroll of immolation.
The ice beast barely misses you.
You hit the ice beast but do no damage. The ice beast misses you.
As you read the scroll labelled CASACO TIREITU, it crumbles to dust.
It is a scroll of identify.
q - 4 scrolls of magic mapping The ice beast hits you.
* * * LOW HITPOINT WARNING * * *
The ice beast freezes you. You resist.
* * * LOW HITPOINT WARNING * * *
😱 HP[-5]
You take 5 damage, and now have 7/46 hp.
As you read the scroll labelled DITIMU NEFUQI, it crumbles to dust.
Wisps of shadow whirl around you...
It was a scroll of summoning.
Flame seeps out of Gastronok.
Gastronok is engulfed in blazing flames.
Flame seeps out of Gastronok.
Gastronok closely misses you. The ice beast hits you.
* * * LOW HITPOINT WARNING * * *
The ice beast freezes you. You resist.
* * * LOW HITPOINT WARNING * * *
😱 HP[-6]
You take 6 damage, and now have 1/46 hp.
You feel much better.
Flame seeps out of Gastronok.
Your centaur hits Gastronok but does no damage.
Your centaur kicks Gastronok but does no damage.
Your gnoll closely misses the ice beast.
The ice beast closely misses you.
Your gnoll shaman misses the ice beast. 😨 HP[+16]
You regained 16 hp, and now have 17/46 hp.
You feel better.
Your centaur hits Gastronok.
Flame seeps out of Gastronok.
Your centaur kicks Gastronok but does no damage.
Your gnoll misses the ice beast.
Gastronok is engulfed in blazing flames.
You feel very guilty.
You can no longer heal and attempt to pacify others. "You will pay for your transgression, mortal!"
The fiery explosion engulfs you!!! Elyvilon protects you from harm!
The fiery explosion engulfs your centaur!!!
You kill your centaur!
Your centaur's corpse dissolves into shadows!
The fiery explosion engulfs the ice beast!!!
The ice beast melts!
The ice beast explodes!
The fiery explosion engulfs your gnoll shaman!!!
You kill your gnoll shaman!
Your gnoll shaman's corpse dissolves into shadows!
The fiery explosion engulfs you!!
Ouch! That really hurt!
You die...

Skill      XL: |  1  2  3  4  5  6  7  8  9 |
---------------+----------------------------+-----
Stealth        | 6 7 8 9 10 | 10.1
Slings         | 1 2 3 4 5 6 |  6.0
Dodging        | 2 3 4 6 |  6.7
Fighting       | 2 3 4 |  4.7
Short Blades   | 3 4 5 6 |  6.0
Throwing       | 3 4 5 |  5.5

Action                   |  1- 3 |  4- 6 |  7- 9 || total
-------------------------+-------+-------+-------++-------
Melee: Dagger            |   141 |   211 |   370 ||   722
       Punch             |     3 |     4 |     9 ||    16
       Falchion          |       |       |    19 ||    19
Throw: Dart              |     8 |    23 |    58 ||    89
Evoke: Wand              |       |       |    12 ||    12
  Use: Potion            |       |       |    12 ||    12
       Scroll            |       |       |     4 ||     4
 Stab: Sleeping          |    18 |    11 |     8 ||    37
       Distracted        |       |     2 |     2 ||     4
Armor: Robe              |    14 |    22 |    12 ||    48
       Skin              |       |       |    23 ||    23
Dodge: Dodged            |    90 |   165 |   342 ||   597

Levels and vault maps discovered:
D:1:      dpeg_arrival_concentric_ovals, layout_basic
D:2:      layout_basic, hellmonk_ecumenical_altar_watching_god,
          kennysheep_generic_room_16
D:3:      layout_loops_cross, gammafunk_temple_overflow_elements,
          kennysheep_cluttered_room, minmay_shallow_snake_nest, uniq_terence
D:4:      layout_rooms
D:5:      layout_basic, trog_antimagical, uniq_duvessa, uniq_grinder,
          uniq_sigmund
D:6:      layout_layer_cave, minmay_temple_entry_purple_smoke
D:7:      minmay_evil_eye, layout_rooms, minmay_joined_circles, uniq_pikel
D:8:      layout_basic, uniq_grum, uniq_gastronok
Temple:   eino_temple_rhombus

Notes
Turn   | Place    | Note
-------+----------+-------------------------------------------
     0 | D:1      | AmazingTV the Spriggan Brigand began the quest for the Orb.
     0 | D:1      | Reached XP level 1. HP: 10/10 MP: 2/2
     0 | D:1      | magus.rc [v1.9.6]
   116 | D:1      | Reached XP level 2. HP: 12/15 MP: 3/3
   173 | D:1      | Reached skill level 6 in Stealth
   817 | D:1      | Reached skill level 1 in Slings
  1042 | D:1      | Reached XP level 3. HP: 17/18 MP: 4/4
  1162 | D:2      | Reached skill level 2 in Dodging
  1215 | D:2      | Noticed a shining eye
  1221 | D:2      | Noticed a golden eye
  1223 | D:2      | Found a faded altar of an unknown god.
  1225 | D:2      | Noticed a golden eye
  1231 | D:2      | Noticed a floating eye
  1338 | D:2      | You pick up a book of Displacement and begin reading...
  1338 | D:2      | You add the spells Lesser Beckoning, Gell's Gravitas and
                  | Teleport Other to your library.
  1453 | D:2      | Reached skill level 2 in Fighting
  1474 | D:2      | You add the spells Blink, Manifold Assault and Storm Form
                  | to your library.
  1795 | D:3      | Noticed Terence
  1822 | D:3      | Killed Terence
  1823 | D:3      | Reached XP level 4. HP: 12/23 MP: 5/5
  2921 | D:3      | Reached skill level 2 in Slings
  3018 | D:3      | Reached skill level 3 in Short Blades
  3018 | D:3      | Reached XP level 5. HP: 18/26 MP: 6/6
  3220 | D:3      | Found a hide-covered altar of Uskayaw.
  3220 | D:3      | Found a sparkling altar of Nemelex Xobeh.
  3516 | D:4      | Noticed an orc warrior
  3803 | D:4      | Reached skill level 3 in Dodging
  3819 | D:4      | Reached skill level 3 in Throwing
  3819 | D:4      | Reached skill level 7 in Stealth
  4744 | D:4      | Reached XP level 6. HP: 32/32 MP: 7/7
  5319 | D:5      | Entered Level 5 of the Dungeon
  5320 | D:5      | Noticed a sky beast
  5479 | D:5      | You add the spells Ignite Poison, Mephitic Cloud and
                  | Freezing Cloud to your library.
  5494 | D:5      | Killed a sky beast
  5495 | D:5      | Reached skill level 3 in Fighting
  5495 | D:5      | Reached skill level 3 in Slings
  5500 | D:5      | Noticed Dowan
  5502 | D:5      | Noticed Duvessa
  5569 | D:5      | Noticed Sigmund
  5576 | D:5      | Killed Sigmund
  5577 | D:5      | Reached skill level 4 in Short Blades
  5577 | D:5      | Reached skill level 4 in Dodging
  5577 | D:5      | Reached XP level 7. HP: 36/36 MP: 8/8
  5630 | D:5      | Noticed Grinder
  5677 | D:5      | HP: 6/36 [Dowan/puff of frost (13)]
  5681 | D:5      | Killed Duvessa
  5682 | D:5      | Reached skill level 8 in Stealth
  5683 | D:5      | Killed Dowan
  6132 | D:5      | Reached skill level 4 in Slings
  6132 | D:5      | Reached skill level 4 in Throwing
  6920 | D:6      | Reached XP level 8. HP: 25/40 MP: 9/9
  7156 | D:6      | Found a staircase to the Ecumenical Temple.
  7159 | D:6      | Noticed a komodo dragon
  7164 | Temple   | Entered the Ecumenical Temple
  7351 | Temple   | Became a worshipper of Elyvilon the Healer
  7760 | D:6      | Reached skill level 5 in Dodging
  8247 | D:6      | HP: 6/42 [iguana (12)]
  9075 | D:7      | HP: 10/42 [poisoned by a water moccasin]
  9080 | D:7      | HP: 6/42 [poisoned by a water moccasin]
  9374 | D:5      | You fall into a shaft and drop 1 floor!
  9446 | D:7      | Reached skill level 5 in Short Blades
  9480 | D:7      | HP: 10/42 [poisoned by a water moccasin]
  9485 | D:7      | HP: 7/42 [poisoned by a water moccasin]
  9490 | D:7      | HP: 4/42 [poisoned by a water moccasin]
  9710 | D:6      | Reached skill level 9 in Stealth
  9900 | D:7      | Reached * piety under Elyvilon
 10503 | D:7      | Reached skill level 4 in Fighting
 10503 | D:7      | Reached skill level 5 in Slings
 10556 | D:7      | HP: 9/42 [orc warrior (16)]
 11126 | D:6      | HP: 9/42 [poisoned by a water moccasin]
 11131 | D:6      | HP: 5/42 [poisoned by a water moccasin]
 11717 | D:8      | Noticed Grum
 11788 | D:8      | Identified the +2 robe of the Beggar {rPois Dex+4}
 11821 | D:7      | HP: 10/42 [wolf[Grum] (7)]
 11838 | D:7      | HP: 8/42 [wolf[Grum] (8)]
 11867 | D:7      | Gained mutation: Your flesh is cold resistant. (rC+)
                  | [potion of mutation]
 11867 | D:7      | Gained mutation: You are strong-willed. (Will+) [potion of
                  | mutation]
 11867 | D:7      | HP: 4/42 [wolf[Grum] (7)]
 11897 | D:7      | HP: 15/63 [wolf[Grum] (6)]
 11900 | D:7      | Reached skill level 5 in Throwing
 11900 | D:7      | Reached skill level 6 in Dodging
 11908 | D:7      | HP: 5/42 [water moccasin (6)]
 12120 | D:7      | Reached XP level 9. HP: 43/46 MP: 10/10
 12644 | D:7      | Identified a +2 robe of the Archmagi
 12644 | D:7      | Noticed Pikel
 12684 | D:7      | HP: 10/46 [Pikel (5)]
 12696 | D:7      | Killed Pikel
 12697 | D:7      | Reached skill level 10 in Stealth
 13206 | D:8      | Noticed Gastronok
 13475 | D:8      | Reached skill level 6 in Short Blades
 13475 | D:8      | Reached skill level 6 in Slings
 13536 | D:8      | Reached ** piety under Elyvilon
 13582 | D:8      | HP: 11/46 [ice beast (1)]
 13583 | D:8      | HP: 1/46 [ice beast (6)]
 13585 | D:8      | Killed Gastronok
 13585 | D:8      | Was placed under penance by Elyvilon
 13585 | D:8      | Elyvilon protects you from harm!
 13585 | D:8      | Killed by an exploding ice beast... ignited by their inner
                  | flame

Vanquished Creatures
  Gastronok (D:8)
  Pikel (D:7)
  Sigmund (D:5)
  2 water moccasins
  Duvessa (D:5)
  2 sky beasts
  An orc warrior (D:7)
  An ice beast (D:8)
  A necrophage (D:6)
  2 ogres
  2 wolves
  A kobold brigand (D:6)
  3 bullfrogs
  A water moccasin zombie (D:7)
  A wyvern skeleton (D:7)
  Dowan (D:5)
  A howler monkey (D:4)
  A centaur zombie (D:7)
  2 bullfrog zombies
  A centaur skeleton (D:7)
  A hound (D:7)
  2 iguanas
  3 orc wizards
  Terence (D:3)
  A killer bee zombie (D:7)
  A hound skeleton (D:3)
  3 gnolls (D:4)
  A howler monkey skeleton (D:7)
  6 adders
  2 shadow imps
  An ufetubus (D:4)
  A worm (D:2)
  3 dart slugs
  13 orcs
  16 ball pythons
  6 endoplasms
  5 giant cockroaches
  2 goblins (D:4)
  6 hobgoblins
  3 quokkas
  A bat (D:3)
  8 frilled lizards
  A jackal skeleton (D:4)
  15 kobolds
  7 rats
136 creatures vanquished.

Vanquished Creatures (others)
  4 plants (D:3)
4 creatures vanquished.

Grand Total: 140 creatures vanquished

Table legend:
 A = Non-vault XP
 B = Vault XP
 C = Vault XP percentage of total XP
 D = Non-vault monster count
 E = Vault monster count
 F = Vault count percentage of total count
                 A         B        C        D         E       F
            +---------+---------+-------+---------+---------+-------
      Total |    2192 |    3197 |  59.3 |     117 |      19 |  14.0
            +---------+---------+-------+---------+---------+-------
        D:1 |      43 |       0 |   0.0 |      28 |       0 |   0.0
        D:2 |      32 |       3 |   8.6 |      12 |       2 |  14.3
        D:3 |      81 |      49 |  37.7 |      22 |       5 |  18.5
        D:4 |     337 |       0 |   0.0 |      20 |       0 |   0.0
        D:5 |     369 |     446 |  54.7 |       6 |       3 |  33.3
        D:6 |     356 |       0 |   0.0 |      14 |       0 |   0.0
        D:7 |     755 |    1102 |  59.3 |      13 |       7 |  35.0
        D:8 |     219 |    1597 |  87.9 |       2 |       2 |  50.0
            +---------+---------+-------+---------+---------+-------

Illustrated notes

Table legend:
 A = Kills in this place as a percentage of kills in entire the game.
 B = Kills by you in this place as a percentage of kills by you in the entire game.
 C = Kills by friends in this place as a percentage of kills by friends in the entire game.
 D = Other kills in this place as a percentage of other kills in the entire game.
 E = Experience gained in this place as a percentage of experience gained in the entire game.
 F = Experience gained in this place divided by the number of levels of this place that you have seen.
                   A       B       C       D       E      F
               +-------+-------+-------+-------+-------+----------------------
         Total | 100.0 | 100.0 |   N/A |   N/A | 100.0 | 598.8
       Dungeon | 100.0 | 100.0 |   N/A |   N/A | 100.0 | 673.6
               +-------+-------+-------+-------+-------+----------------------

Table legend: (Time is in decaauts)
 A = Elapsed time spent in this place.
 B = Non-inter-level travel time spent in this place.
 C = Inter-level travel time spent in this place.
 D = Time resting spent in this place.
 E = Time spent auto-exploring this place.
 F = Levels seen in this place.
 G = Mean time per level.
                   A        B        C        D        E       F      G
               +--------+--------+--------+--------+--------+-----+--------+
         Total |  10838 |  10321 |    517 |   5216 |   2821 |   9 | 1204.2 |
       Dungeon |  10718 |  10221 |    497 |   5216 |   2730 |   8 | 1339.8 |
        Temple |    120 |    101 |     19 |      0 |     90 |   1 |  120.0 |
               +--------+--------+--------+--------+--------+-----+--------+

Top non-repeatable levels by time:
     D:6: 2413 daAuts
     D:5: 1987 daAuts
     D:7: 1848 daAuts
     D:3: 1833 daAuts
     D:1: 848 daAuts
     D:4: 792 daAuts
     D:2: 597 daAuts
     D:8: 396 daAuts
  Temple: 120 daAuts
